 Dungeon Crawl Stone Soup version 0.30-a0-986-g7f2e898f52 (webtiles) character file.

Game seed: 1941264911557870570

2 Firecrotchwizard the Magician (level 1, -1/15 HPs)
             Began as a Djinni Conjurer on Apr 1, 2023.
             Slain by a goblin
             ... wielding a +0 club
              (2 damage)
             ... on level 1 of the Dungeon.
             The game lasted 00:01:21 (113 turns).

Firecrotchwizard the Magician (Djinni Conjurer)      Turns: 113, Time: 00:01:22

Health: -1/15      AC:  2    Str:  6    XL:     1   Next: 44%
Gold:   0          EV: 12    Int: 19    God:
                   SH:  0    Dex: 11

rFire   + + .      SeeInvis .    (no weapon)
rCold   x . .      Faith    .    (no shield)
rNeg    . . .      Spirit   .    a - +0 robe
rPois   ∞          Reflect  .    (no helmet)
rElec   .          Rampage  .    (no cloak)
rCorr   .                        (no gloves)
Will    .....                    (boots unavailable)
Stlth   ++                       (no amulet)
HPRegen 0.22/turn                (no ring)
MPRegen 0.00/turn                (no ring)

@: flying
A: sickness immunity, fire resistance 2, cold vulnerability 1, float, innate
caster, HP casting, extra vitality 1
a: no special abilities


You were on level 1 of the Dungeon.
You visited 1 branch of the dungeon, and saw 1 of its levels.

Inventory:

Armour
 a - a +0 robe (worn)


   Skills:
 - Level 2.1 Dodging
 - Level 1.5 Stealth
 * Level 3.3 Spellcasting


You knew the following spells:

 Your Spells              Type           Power      Damage    Failure   Level
a - Magic Dart            Conj           64%        1d6       3%          1
b - Searing Ray           Conj           32%        2d5       5%          2
c - Dazzling Flash        Conj/Hex       32%        N/A       11%         3
d - Fulminant Prism       Conj/Hex       8%         3d7       36%         4
e - Iskenderun's Mystic   Conj/Tloc      16%        2d5       36%         4
Your spell library was empty.

Dungeon Overview and Level Annotations

Branches:
Dungeon (1/15) Zot: 5886

Altars:


Innate Abilities, Weirdness & Mutations

You are immune to sickness and miasma.
You are immune to poison.
Your flesh is very heat resistant. (rF++)
You are vulnerable to cold. (rC-)
You float through the air rather than walking.
You learn spells naturally, not from books.
Your magical power is your life essence.
You have superior vitality. (+4 MHP)


Message History

Welcome back, Firecrotchwizard the Djinni Conjurer.
Unknown command.
Unknown command.
Unknown command.
Options error: Bad allow_self_target value: never (should be false, prompt or true) (~/.crawlrc:239) Bad channel name for runrest: 'pray:' Options error: Bad channel -- pray (~/.crawlrc:4443) Options error: Bad channel -- food (~/.crawlrc:4446) Options error: Bad channel -- rotten_meat (~/.crawlrc:4463) Welcome back, Firecrotchwizard the Djinni Conjurer.
The magic dart hits the hobgoblin.
You kill the hobgoblin!
You see here a hobgoblin corpse.
A quokka comes into view.
Found a scroll labelled ISOERIDIUR.
Found a stone staircase leading down.
A goblin comes into view. It is wielding a +0 club.
You hit the quokka but do no damage. The quokka barely misses you.
You miss the quokka.
The goblin shouts!
You hear a shout!
The quokka barely misses you. x2
The quokka barely misses you. The quokka barely misses you.
A kobold comes into view. It is wielding a +0 short sword.
The quokka closely misses you. The goblin barely misses you.
The quokka completely misses you. The goblin hits you with a +0 club.
The quokka barely misses you. The quokka closely misses you.
The goblin barely misses you. The quokka barely misses you.
The goblin hits you with a +0 club. The quokka closely misses you.
The goblin hits you with a +0 club.
The quokka twitches its whiskers.
The quokka barely misses you. The goblin barely misses you.
The quokka barely misses you. The goblin barely misses you.
The quokka bites you. The quokka completely misses you.
The goblin hits you with a +0 club.
* * * LOW HITPOINT WARNING * * *
The quokka closely misses you.
The kobold hits you with a +0 short sword.
* * * LOW HITPOINT WARNING * * *
The goblin hits you with a +0 club.
* * * LOW HITPOINT WARNING * * *
The quokka closely misses you.
The kobold hits you with a +0 short sword.
* * * LOW HITPOINT WARNING * * *
The goblin hits you but does no damage. The quokka closely misses you.
The kobold hits you with a +0 short sword.
* * * LOW HITPOINT WARNING * * *
The goblin hits you with a +0 club.
You die...

##.#.########
##..#.#.....#
##.###......#
..## ##.....#
#. #......# #.
#.#.....######
..
#.#####...†...#
..#.. #.#####.#
.#.. #.# #@#
... #.##..grK.#
.#. #.......###
#.##.#..#
#....>..#
.....#.## ...
.#. P... ..


You could see a quokka, a goblin and a kobold.

Vanquished Creatures
  A hobgoblin (D:1)
  2 rats (D:1)
3 creatures vanquished.

Notes
Turn   | Place    | Note
-------+----------+-------------------------------------------
     0 | D:1      | Firecrotchwizard the Djinni Conjurer began the quest for
                  | the Orb.
     0 | D:1      | Firecrotchwizard set off with the following spells
                  | memorised: Magic Dart, Searing Ray, Dazzling Flash,
                  | Fulminant Prism, Iskenderun's Mystic Blast.
     0 | D:1      | Reached XP level 1. HP: 15/15 MP: 0/0
     0 | D:1      | magus.rc [v1.9.6]
   113 | D:1      | Slain by a goblin

Illustrated notes

Levels and vault maps discovered:
D:1:      onia_arrival_pyramid, layout_loops_cross,
          hellmonk_ecumenical_altar_zigzags, serial_forest,
          infiniplex_forest_3_way, infiniplex_forest_corner_2,
          infiniplex_forest_clump_cross, infiniplex_forest_lined_corner,
          infiniplex_forest_diagonal, infiniplex_forest_straight_2

Action                     || total
---------------------------++-------
  Melee: Unarmed           ||     2
   Cast: Magic Dart        ||     5
 Armour: Robe              ||     1
  Dodge: Dodged            ||    21

Table legend: (Time is in decaauts)
 A = Elapsed time spent in this place.
 B = Non-inter-level travel time spent in this place.
 C = Inter-level travel time spent in this place.
 D = Time resting spent in this place.
 E = Time spent auto-exploring this place.
 F = Levels seen in this place.
 G = Mean time per level.
                   A        B        C        D        E       F      G
               +--------+--------+--------+--------+--------+-----+--------+
         Total |    113 |    113 |      0 |      0 |     80 |   1 |  113.0 |
       Dungeon |    113 |    113 |      0 |      0 |     80 |   1 |  113.0 |
               +--------+--------+--------+--------+--------+-----+--------+

Top non-repeatable levels by time:
     D:1: 113 daAuts
